 Dungeon Crawl Stone Soup version 0.27.0-1-g7a089689b8 (webtiles) character file.

Game seed: 2658818472429654911

28 Sweetruy1997 the Poker (level 3, -3/28 HPs)
             Began as a Merfolk Gladiator on Aug 5, 2021.
             Slain by Terence (8 damage)
             ... on level 1 of the Dungeon.
             The game lasted 00:02:15 (932 turns).

Sweetruy1997 the Poker (Merfolk Gladiator)           Turns: 932, Time: 00:02:16

Health: -3/28      AC:  4    Str: 16    XL:     3   Next: 12%
Magic:  3/3        EV: 13    Int:  7    God:
Gold:   54         SH:  0    Dex: 16    Spells: 2/2 levels left

rFire    . . .     SeeInvis .   a - +0 trident
rCold    . . .     Faith    .   (no shield)
rNeg     . . .     Spirit   .   b - +0 leather armour
rPois    .         Reflect  .   c - +0 helmet
rElec    .         Harm     .   (no cloak)
rCorr    .         Rampage  .   (no gloves)
Will     .....                  (no boots)
Stlth    +.........             (no amulet)
HPRegen  0.09/turn              (no ring)
MPRegen  0.08/turn              (no ring)

@: no status effects
A: (nimble swimmer 2), mertail, deterioration 1, mutation resistance 1, strong 1
a: no special abilities


You were on level 1 of the Dungeon.
You visited 1 branch of the dungeon, and saw 2 of its levels.

You collected 54 gold pieces.

Inventory:

Hand Weapons
 a - a +0 trident (weapon)
Armour
 b - a +0 leather armour (worn)
 c - a +0 helmet (worn)
Scrolls
 f - a scroll of noise {unknown}
Potions
 e - a potion of curing


   Skills:
 + Level 2.4 Fighting
 + Level 5.1 Polearms
 + Level 2.2 Throwing
 + Level 0.1 Armour
 + Level 4.5 Dodging
 + Level 0.1 Stealth


You had 2 spell levels left.
You didn't know any spells.
Your spell library was empty.

Dungeon Overview and Level Annotations

Branches:
Dungeon (2/15)

Altars:

Annotations:
D:1 Terence


Innate Abilities, Weirdness & Mutations

((You are quick and stealthy near water. (Stealth+, EV+, Speed+++)))
Your lower body shifts to a powerful aquatic tail in water.
Your body sometimes deteriorates upon taking damage.
You are somewhat resistant to further mutation.
Your muscles are strong. (Str +2)


Message History

Terence shouts!
Found 9 gold pieces.
You hit Terence but do no damage.
Terence hits you with a +1 vorpal hand axe!
You hit Terence but do no damage. Terence barely misses you.
You barely miss Terence.
Terence hits you with a +1 vorpal hand axe.
You barely miss Terence. Terence misses you.
You closely miss Terence.
Terence hits you with a +1 vorpal hand axe.
Terence says, "Time to say good-bye..."
It was a potion of curing.
You feel better. Terence barely misses you.
It was a potion of mutation.
You feel extremely strange.
You feel yourself wasting away.
You feel stronger.
You feel genetically stable. Terence closely misses you.
Your leather armour prevents you from hitting Terence.
Terence hits you with a +1 vorpal hand axe.
* * * LOW HITPOINT WARNING * * *
Terence hits you with a +1 vorpal hand axe.
* * * LOW HITPOINT WARNING * * *
x2
There is a stone staircase leading up here.
Terence says, "Did you write a will?
You should..."
Terence barely misses you.
You climb upwards.
There is a stone staircase leading down here.
Terence says, "You're history."
You hit Terence.
Terence is moderately wounded.
Terence closely misses you.
You hit Terence but do no damage.
Terence is moderately wounded.
Terence closely misses you.
You barely miss Terence.
Terence is moderately wounded.
Terence hits you with a +1 vorpal hand axe.
* * * LOW HITPOINT WARNING * * *
x2 You hit Terence.
Terence is moderately wounded.
Terence hits you with a +1 vorpal hand axe!
You die...

..# #....................# #.#
####################.# ..# #....#
..###### ##.##.### ♣......#
##........ ♣♣.###.#####
#########..####### .♣...†.....#
#.........##...... P♣.........#
#.#####..##.####.# ♣♣.........#
#@# #.##.##...≈.
÷♣.........#####@#####.#.##.#####
♣♣..........(........#.#.#.##.≈.#
...........#####.###.[.#.#.#.###.
...........# #.###.#.#.#.#.#<#.
÷..........# #.......#.#.#.#'#.
...........# #.......#(#.'#...#
..####.##### #>......#.##.#####
..# #.# #.......##.##.....


You could see Terence.

Vanquished Creatures
  2 bats (D:1)
  2 endoplasms (D:1)
  2 giant cockroaches (D:1)
  4 goblins (D:1)
  3 hobgoblins (D:1)
  A kobold (D:1)
  3 quokkas (D:1)
  A ball python (D:1)
  3 frilled lizards (D:1)
  2 rats (D:1)
23 creatures vanquished.

Notes
Turn   | Place    | Note
-------+----------+-------------------------------------------
     0 | D:1      | Sweetruy1997 the Merfolk Gladiator began the quest for the
                  | Orb.
     0 | D:1      | Reached XP level 1. HP: 16/16 MP: 1/1
   191 | D:1      | Reached XP level 2. HP: 20/22 MP: 2/2
   395 | D:1      | Reached skill level 5 in Polearms
   538 | D:1      | Reached XP level 3. HP: 27/28 MP: 3/3
   671 | D:1      | Found a faded altar of an unknown god.
   907 | D:2      | Noticed Terence
   917 | D:2      | Gained mutation: Your body sometimes deteriorates upon
                  | taking damage. [potion of mutation]
   917 | D:2      | Gained mutation: Your muscles are strong. (Str +2) [potion
                  | of mutation]
   917 | D:2      | Gained mutation: You are somewhat resistant to further
                  | mutation. [potion of mutation]
   932 | D:1      | Slain by Terence

Illustrated notes

Levels and vault maps discovered:
D:1:      evilmike_arrival_rings, layout_loops_ring,
          dilly_ecumenical_altar_fadedgnrine
D:2:      layout_loops_ring, serial_aquarium, aquarium_bridge_straight
          [aquarium_subvault_bridge, aquarium_subvault_wall,
          aquarium_subvault_bridge, aquarium_subvault_window],
          aquarium_window_2, aquarium_window_2, aquarium_view_2g,
          aquarium_view_2e, aquarium_balcony_3b, uniq_terence,
          uniq_crazy_yiuf_cottage, uniq_sigmund

Skill      XL: |  1  2 |
---------------+-------+-----
Polearms       | 5 |  5.1
Fighting       | |  2.4
Throwing       | |  2.2
Armour         | |  0.1
Dodging        | |  4.5
Stealth        | |  0.1

Action                   || total
-------------------------++-------
Melee: Trident           ||    90
Throw: Throwing net      ||     7
  Use: Potion            ||     2
 Stab: Held in net/web   ||     1
       Sleeping          ||     1
Armor: Leather armour    ||    17
Dodge: Dodged            ||    52
